 Dungeon Crawl Stone Soup version 0.31-a0-229-g1fc7ce93e2 (webtiles) character file.

Game seed: 10409859169394659203

443 qw the Trooper (level 6, 0/56 HPs)
             Began as a Minotaur Hexslinger on July 6, 2023.
             Was a Follower of Okawaru.
             Slain by an orc wizard
             ... wielding a +0 dagger
              (3 damage)
             ... on level 5 of the Dungeon.
             The game lasted 00:01:06 (2922 turns).

qw the Trooper (Minotaur Hexslinger)                Turns: 2922, Time: 00:01:06

Health: 0/56       AC:  5    Str: 18 (19) XL:     6   Next: 71%
Magic:  0/0        EV: 11    Int: 10      God:    Okawaru [*.....]
Gold:   143        SH:  0    Dex: 17      Spells: 6/7 levels left

rFire   . . .        Y - +4 sling
rCold   . . .        (no shield)
rNeg    + . .        f - +0 ring mail
rPois   .            (helmet restricted)
rElec   .            (no cloak)
rCorr   .            (no gloves)
SInv    .            (no boots)
Will    .....        (no amulet)
Stlth   +            b - +6 ring of strength
HPRegen 0.29/turn    g - ring of the Zebra {rN+ MP-9 Dex+3 Slay+4}
MPRegen 0.07/turn

%: no passive effects
@: lethally poisoned (0 -> -5), about to teleport
A: horns 2, retaliatory headbutt
a: Renounce Religion, Heroism


You were on level 5 of the Dungeon.
You worshipped Okawaru.
Okawaru was aware of your devotion.
You visited 1 branch of the dungeon, and saw 6 of its levels.

You collected 143 gold pieces.


Innate Abilities, Weirdness & Mutations

You have a pair of horns on your head.
You reflexively headbutt those who attack you in melee.


   Skills:
 - Level 5.4 Fighting
 + Level 5.4 Ranged Weapons
 - Level 2.1 Armour
 - Level 2.1 Dodging
 - Level 1.0 Spellcasting
 - Level 2.0 Hexes
 + Level 1.5 Invocations


You had 6 spell levels left.
You knew the following spells:

 Your Spells              Type           Power      Damage    Failure   Level
a - Slow                  Hex            16%        N/A       26%         1

Your spell library contained the following spells:

 Spells                   Type           Power      Damage    Failure   Level
 Inner Flame              Hex/Fire       2%         N/A       75%         3
 Portal Projectile        Hex/Tloc       4%         N/A       75%         3
 Cause Fear               Hex            2%         N/A       95%         4

Inventory:

Hand Weapons
 Y - a +4 sling (weapon)
Armour
 f - a +0 ring mail (worn)
Jewellery
 b - a +6 ring of strength (left hand)
 g - the ring of the Zebra (right hand) {rN+ MP-9 Dex+3 Slay+4}
   (You acquired it on level 6 of the Dungeon)

   [ring of slaying]

   Dex:       It affects your dexterity (+3).
   Slay:      It affects your accuracy & damage with ranged weapons and melee
   (+4).
   rN:        It protects you from negative energy.
   MP:        It affects your magic capacity (-9).
 h - a ring of poison resistance
Scrolls
 d - 2 scrolls of identify
Potions
 c - a potion of mutation
 e - a potion of might

Dungeon Overview and Level Annotations

Branches:
Dungeon (6/15)
 Temple: D:4-7

Altars:
Ashenzari
Dithmenos
Elyvilon
Kikubaaqudgha
Okawaru
Ru
Uskayaw
Wu Jian
Yredelemnul

Shops:
D:2 =


Message History

The sling bullet barely misses the howler monkey.
Something hits you.
You shoot a sling bullet.
The sling bullet barely misses the howler monkey.
Something hits you but does no damage. The howler monkey closely misses you.
Something hits you.
You shoot a sling bullet.
The sling bullet hits the howler monkey!
You kill the howler monkey!
Okawaru accepts your kill. Something hits you but does no damage.
You feel your strength returning.
You shoot a sling bullet. Something hits you but does no damage.
A dart slug comes into view.
A scorpion comes into view.
You shoot a sling bullet. The sling bullet hits the scorpion.
The scorpion is moderately wounded.
Something hits you but does no damage. Something hits you.
You shoot a sling bullet. The sling bullet hits the scorpion!
The scorpion is severely wounded.
You hear some strange, mumbled words.
A magic dart appears from out of thin air!
The magic dart hits you.
2920 ||| READING scroll of teleportation.
As you read the scroll of teleportation, it crumbles to dust.
You feel strangely unstable. Something hits you but does no damage.
You shoot a sling bullet. The sling bullet hits the scorpion.
The scorpion is almost dead.
The scorpion stings you.
You are lethally poisoned!
The scorpion poisons you! Something hits you.
The dart slug launches a dart at you.
The slug dart hits something.
You shoot a sling bullet. The sling bullet hits the scorpion.
You kill the scorpion!
Okawaru accepts your kill.
You feel very sick. Something hits you.
You die...

........####........
............########
............###.....
..[.................
...................
.......###...#....
........#### ...
....###.## .
#......@.#
#.....{#%# #....).
%.# #.....w #.#
#...... .. .......
... ####... ....
)... ...#


You could see a dart slug.

Vanquished Creatures
  Grinder (D:6)
  A scorpion (D:5)
  A howler monkey (D:5)
  2 orc priests
  2 iguanas
  2 adders
  5 worms
  A dart slug (D:1)
  8 orcs
  7 bats
  5 endoplasms
  2 giant cockroaches
  9 goblins
  2 hobgoblins
  9 jackals
  4 kobolds
  3 quokkas
  4 ball pythons
  3 frilled lizards
  11 rats
82 creatures vanquished.

Notes
Turn   | Place    | Note
-------+----------+-------------------------------------------
     0 | D:1      | qw the Minotaur Hexslinger began the quest for the Orb.
     0 | D:1      | Reached XP level 1. HP: 16/16 MP: 1/1
     0 | D:1      | 0 ||| qw: Version: 0.3-a-46-gb1f654a
     0 | D:1      | 0 ||| qw: Game counter: 1469
     0 | D:1      | 0 ||| qw: Melee chars always use a shield: true
     0 | D:1      | 0 ||| qw: God list: Okawaru
     0 | D:1      | 0 ||| qw: Allow faded altars: false
     0 | D:1      | 0 ||| qw: Do Orc after clearing Dungeon:15 true
     0 | D:1      | 0 ||| qw: Do second Lair branch before Depths: true
     0 | D:1      | 0 ||| qw: Lair rune preference: random
     0 | D:1      | 0 ||| qw: Goals: Normal
     0 | D:1      | 0 ||| PLANNING D:1-11
    38 | D:1      | Reached skill level 3 in Ranged Weapons
    38 | D:1      | Reached XP level 2. HP: 20/23 MP: 2/2
   521 | D:1      | Reached XP level 3. HP: 29/29 MP: 3/3
   925 | D:1      | 925 ||| UPGRADING to +0 leather armour.
   935 | D:1      | 935 ||| DROPPING +0 robe.
   936 | D:1      | 936 ||| READING 2 scrolls labelled JAIXAH INYENU.
   941 | D:1      | 941 ||| READING scroll labelled ORCHAL PUXT.
   942 | D:1      | 942 ||| READING scroll labelled UCAIHEFREONN.
   943 | D:1      | 943 ||| DROPPING scroll of poison.
  1228 | D:2      | 1228 ||| FLEEEEING.
  1246 | D:2      | HP: 5/29 [worm (9)]
  1247 | D:2      | 1247 ||| READING scroll of teleportation.
  1249 | D:2      | Reached XP level 4. HP: 7/36 MP: 4/4
  1380 | D:2      | Found Reawis's Jewellery Boutique.
  1388 | D:2      | 1388 ||| SHOPLISTING +4 ring of protection (432 gold, have
                  | 60).
  1388 | D:2      | 1388 ||| SHOPLISTING +6 ring of strength (432 gold, have
                  | 60).
  1388 | D:2      | 1388 ||| SHOPLISTING amulet of reflection (360 gold, have
                  | 60).
  1388 | D:2      | 1388 ||| SHOPLISTING ring "Vophieq" {Ice rElec Str-2 Int+5}
                  | (543 gold, have 60).
  1388 | D:2      | 1388 ||| SHOPLISTING ring of Hozaxtis {rElec Dex+6 Slay-5
                  | SInv} (432 gold, have 60).
  1388 | D:2      | 1388 ||| SHOPLISTING ring of Rubucue {rPois EV+5 Str+2}
                  | (616 gold, have 60).
  1388 | D:2      | 1388 ||| SHOPLISTING ring of ice (300 gold, have 60).
  1388 | D:2      | 1388 ||| SHOPLISTING ring of poison resistance (240 gold,
                  | have 60).
  1388 | D:2      | 1388 ||| SHOPLISTING ring of positive energy (240 gold,
                  | have 60).
  1688 | D:2      | 1688 ||| UPGRADING to +0 ring mail.
  1698 | D:2      | 1698 ||| DROPPING +0 leather armour.
  1699 | D:2      | 1699 ||| READING scroll labelled XOM OXUNIYNWU.
  1700 | D:2      | 1700 ||| READING scroll labelled JEPTOE PEISU.
  1701 | D:2      | 1701 ||| DRINKING 2 metallic silvery potions.
  1702 | D:2      | 1702 ||| READING 5 scrolls of identify.
  1702 | D:2      | 1702 ||| IDENTIFYING bubbling sapphire potion
  1703 | D:2      | 1703 ||| DROPPING potion of degeneration.
  2566 | D:3      | Found an ancient bone altar of Kikubaaqudgha.
  2571 | D:3      | Found an iron altar of Okawaru.
  2572 | D:3      | 2572 ||| PLANNING OKAWARU WORSHIP
  2572 | D:3      | 2572 ||| UPGRADING to +6 ring of strength.
  2573 | D:3      | 2573 ||| READING scroll labelled COHORUHONK.
  2574 | D:3      | 2574 ||| READING 3 scrolls labelled PIPHUZUCHA.
  2575 | D:3      | 2575 ||| READING 2 scrolls of enchant weapon.
  2575 | D:3      | 2575 ||| ENCHANTING +2 sling.
  2576 | D:3      | 2576 ||| READING scroll of enchant weapon.
  2576 | D:3      | 2576 ||| ENCHANTING +3 sling.
  2577 | D:3      | 2577 ||| READING 4 scrolls of identify.
  2577 | D:3      | 2577 ||| IDENTIFYING dark potion
  2578 | D:3      | 2578 ||| READING 3 scrolls of identify.
  2578 | D:3      | 2578 ||| IDENTIFYING blue potion
  2579 | D:3      | 2579 ||| DROPPING potion of brilliance.
  2580 | D:3      | Found a sacrificial altar of Ru.
  2580 | D:3      | Found an ornate altar of the Wu Jian Council.
  2580 | D:3      | Found a shadowy altar of Dithmenos.
  2582 | D:3      | Became a worshipper of Warmaster Okawaru
  2583 | D:3      | 2583 ||| PLANNING D:1-11
  2584 | D:3      | Found a hide-covered altar of Uskayaw.
  2586 | D:3      | Found a basalt altar of Yredelemnul.
  2587 | D:3      | Found a broken altar of Ashenzari.
  2588 | D:3      | Found a white marble altar of Elyvilon.
  2759 | D:4      | You fall into a shaft and drop 2 floors!
  2790 | D:6      | Noticed Grinder
  2790 | D:6      | Paralysed by Grinder for 5 turns
  2798 | D:6      | Reached XP level 5. HP: 31/42 MP: 5/5
  2815 | D:6      | Killed Grinder
  2815 | D:6      | Reached * piety under Okawaru
  2816 | D:6      | Reached XP level 6. HP: 49/56 MP: 6/6
  2865 | D:6      | 2865 ||| READING scroll labelled UMEKHO MEIG.
  2866 | D:6      | 2866 ||| READING scroll labelled CISTRU ZUZETADALLU.
  2866 | D:6      | Identified a scroll of acquirement
  2866 | D:6      | 2866 ||| ACQUIRING ring of the Zebra {rN+ MP-9 Dex+3
                  | Slay+4}
  2866 | D:6      | Acquired the ring of the Zebra {rN+ MP-9 Dex+3 Slay+4}
  2868 | D:6      | 2868 ||| UPGRADING to ring of the Zebra {rN+ MP-9 Dex+3
                  | Slay+4}.
  2876 | D:5      | Entered Level 5 of the Dungeon
  2912 | D:5      | Reached skill level 1 in Invocations
  2919 | D:5      | HP: 10/56 [something/magic dart (6)]
  2920 | D:5      | 2920 ||| READING scroll of teleportation.
  2922 | D:5      | HP: 3/56 [poisoned by a scorpion]
  2922 | D:5      | Slain by an orc wizard

Levels and vault maps discovered:
D:1:      lemuel_arrival_behind_the_door_small, layout_loops_corners,
          serial_bayou_lagoon_b
D:2:      layout_loops_ring, serial_shops, shop_fountains, minmay_tromino_v4_a
D:3:      layout_basic, minitemple
D:4:      layout_rooms
D:5:      layout_basic, minmay_temple_entry_gardened_gates
D:6:      layout_basic, cheibriados_altar_1, minmay_misc_feat_iff, uniq_grinder,
          uniq_menkaure

Skill      XL: |  1  2  3  4  5  6 |
---------------+-------------------+-----
Ranged Weapons | 3 4 5 |  5.4
Fighting       | 2 5 |  5.4
Armour         | 2 |  2.1
Invocations    | 1 |  1.5
Dodging        | |  2.1
Spellcasting   | |  1.0
Hexes          | |  2.0

Action                     |  1- 3 |  4- 6 || total
---------------------------+-------+-------++-------
   Fire: Sling             |   136 |   107 ||   243
    Use: Scroll            |     4 |    12 ||    16
         Potion            |       |     1 ||     1
 Armour: Robe              |     4 |       ||     4
         Leather armour    |     4 |     1 ||     5
         Ring mail         |       |    13 ||    13
  Dodge: Dodged            |    43 |    16 ||    59

Table legend:
 A = Non-vault XP
 B = Vault XP
 C = Vault XP percentage of total XP
 D = Non-vault monster count
 E = Vault monster count
 F = Vault count percentage of total count
                 A         B        C        D         E       F
            +---------+---------+-------+---------+---------+-------
      Total |     449 |     268 |  37.4 |      77 |       5 |   6.1
            +---------+---------+-------+---------+---------+-------
        D:1 |      47 |       0 |   0.0 |      27 |       0 |   0.0
        D:2 |      59 |       6 |   9.2 |      24 |       4 |  14.3
        D:3 |      76 |       0 |   0.0 |      17 |       0 |   0.0
        D:5 |     231 |       0 |   0.0 |       8 |       0 |   0.0
        D:6 |      36 |     262 |  87.9 |       1 |       1 |  50.0
            +---------+---------+-------+---------+---------+-------
